 Dungeon Crawl Stone Soup version 0.31-a0-233-g139696dc86 (webtiles) character file.

Game seed: 10364675129406509560

77 qw the Shooter (level 4, 0/36 HPs)
             Began as a Minotaur Hexslinger on July 9, 2023.
             Slain by a water moccasin (7 damage)
             ... on level 3 of the Dungeon.
             The game lasted 00:00:40 (2170 turns).

qw the Shooter (Minotaur Hexslinger)                Turns: 2170, Time: 00:00:40

Health: 0/36       AC:  3    Str: 12    XL:     4   Next: 13%
Magic:  4/4        EV: 12    Int: 10    God:
Gold:   72         SH:  0    Dex: 15    Spells: 4/5 levels left

rFire   . . .        Y - +1 sling
rCold   . . .        (no shield)
rNeg    . . .        b - +0 leather armour
rPois   .            (helmet restricted)
rElec   .            (no cloak)
rCorr   +            (no gloves)
SInv    .            (no boots)
Will    .....        (no amulet)
Stlth   +            g - ring of resist corrosion
HPRegen 0.26/turn    (no ring)
MPRegen 0.09/turn

%: no passive effects
@: lethally poisoned (0 -> -5)
A: horns 2, retaliatory headbutt
a: no special abilities


You were on level 3 of the Dungeon.
You visited 1 branch of the dungeon, and saw 3 of its levels.

You collected 72 gold pieces.


Innate Abilities, Weirdness & Mutations

You have a pair of horns on your head.
You reflexively headbutt those who attack you in melee.


   Skills:
 - Level 2.0 Fighting
 + Level 4.6 Ranged Weapons
 - Level 2.1 Dodging
 - Level 1.0 Spellcasting
 - Level 2.0 Hexes


You had 4 spell levels left.
You knew the following spells:

 Your Spells              Type           Power      Damage    Failure   Level
a - Slow                  Hex            16%        N/A       19%         1

Your spell library contained the following spells:

 Spells                   Type           Power      Damage    Failure   Level
 Inner Flame              Hex/Fire       2%         N/A       65%         3
 Portal Projectile        Hex/Tloc       4%         N/A       65%         3
 Cause Fear               Hex            2%         N/A       88%         4

Inventory:

Hand Weapons
 Y - a +1 sling (weapon)
Armour
 b - a +0 leather armour (worn)
 c - a +0 ring mail
Jewellery
 g - a ring of resist corrosion (left hand)
Scrolls
 i - a scroll of identify
Potions
 a - a potion of magic {unknown}
 d - 2 potions of lignification {unknown}
 e - a potion of enlightenment
 f - a potion of curing {unknown}
 h - a potion of brilliance {unknown}

Dungeon Overview and Level Annotations

Branches:
Dungeon (3/15)

Altars:
Qazlal
Uskayaw

Shops:
D:2 (


Message History

The sling bullet closely misses the water moccasin.
You shoot a sling bullet.
The sling bullet barely misses the water moccasin.
The water moccasin barely misses you.
You shoot a sling bullet.
The sling bullet hits the water moccasin but does no damage.
The water moccasin barely misses you. You furiously retaliate!
You headbutt the water moccasin! You shoot a sling bullet.
The sling bullet closely misses the water moccasin.
The water moccasin closely misses you.
The water moccasin bites you but does no damage.
You shoot a sling bullet.
The sling bullet barely misses the water moccasin.
The water moccasin misses you. You furiously retaliate!
You headbutt the water moccasin!
The water moccasin bites you but does no damage.
You shoot a sling bullet.
The sling bullet hits the water moccasin but does no damage.
The water moccasin is severely wounded.
The water moccasin bites you!
You shoot a sling bullet.
The sling bullet hits the water moccasin.
The water moccasin is almost dead.
The water moccasin bites you.
You are poisoned.
The water moccasin poisons you! The water moccasin barely misses you.
You shoot a sling bullet.
The sling bullet hits the water moccasin but does no damage.
The water moccasin is almost dead.
You feel very sick. The water moccasin barely misses you.
The water moccasin bites you.
You shoot a sling bullet.
The sling bullet misses the water moccasin.
You feel very sick. The water moccasin bites you. x2
You shoot a sling bullet.
The sling bullet misses the water moccasin.
You feel sick. The water moccasin bites you!
You die...

#########.# ##...##
##...## #.#
##.....###.....## #.#
#...?...#.......# #.#
#..[....#.......# #.#
#.......#.......# #.#
#.....###.....## #..
#.S.# ##...## #..
#######@#######%######%.
.....................)..
...................##...
...................###..
#######'#######'#### #.#
##...## ##...## #.#
##.....###.....####.#
#.......#.......#....
#...)...#...%...#....


You could see a water moccasin.

Vanquished Creatures
  2 adders (D:2)
  A worm (D:2)
  A dart slug (D:3)
  13 bats
  4 endoplasms
  3 giant cockroaches
  5 hobgoblins
  A quokka (D:1)
  6 ball pythons
  2 frilled lizards
  6 goblins
  3 kobolds
  3 rats
50 creatures vanquished.

Notes
Turn   | Place    | Note
-------+----------+-------------------------------------------
     0 | D:1      | qw the Minotaur Hexslinger began the quest for the Orb.
     0 | D:1      | Reached XP level 1. HP: 16/16 MP: 1/1
     0 | D:1      | 0 ||| qw: Version: 0.3-a-51-g015441d
     0 | D:1      | 0 ||| qw: Game counter: 3941
     0 | D:1      | 0 ||| qw: Melee chars always use a shield: true
     0 | D:1      | 0 ||| qw: God list: Okawaru
     0 | D:1      | 0 ||| qw: Allow faded altars: false
     0 | D:1      | 0 ||| qw: Do Orc after clearing Dungeon:15 true
     0 | D:1      | 0 ||| qw: Do second Lair branch before Depths: true
     0 | D:1      | 0 ||| qw: Lair rune preference: random
     0 | D:1      | 0 ||| qw: Goals: Normal
     0 | D:1      | 0 ||| PLANNING D:1-11
   134 | D:1      | Reached skill level 3 in Ranged Weapons
   183 | D:1      | Reached XP level 2. HP: 23/23 MP: 2/2
   846 | D:1      | 846 ||| UPGRADING to ring of resist corrosion.
   847 | D:1      | 847 ||| READING scroll labelled LISTRA PEIKLUMM.
   848 | D:1      | 848 ||| READING scroll labelled BUXOLI JIS ESE.
   849 | D:1      | 849 ||| READING scroll labelled KIGEKI VOWN.
   850 | D:1      | 850 ||| DRINKING 2 sedimented red potions.
   851 | D:1      | 851 ||| DROPPING scroll of poison.
  1074 | D:2      | Reached XP level 3. HP: 29/29 MP: 3/3
  1359 | D:2      | Found a hide-covered altar of Uskayaw.
  1399 | D:2      | Found Omamuf's Antique Weapon Shoppe.
  1716 | D:2      | Reached skill level 4 in Ranged Weapons
  1782 | D:2      | 1782 ||| UPGRADING to +0 leather armour.
  1792 | D:2      | 1792 ||| DROPPING +0 robe.
  1793 | D:2      | 1793 ||| READING scroll labelled UCIOCUSIOH.
  1794 | D:2      | 1794 ||| DRINKING 3 puce potions.
  1899 | D:2      | 1899 ||| DROPPING 2 potions of berserk rage.
  1952 | D:3      | 1952 ||| STAIRDANCE
  1981 | D:3      | Reached XP level 4. HP: 36/36 MP: 4/4
  2001 | D:3      | 2001 ||| FLEEEEING.
  2002 | D:3      | 2002 ||| FLEEEEING.
  2034 | D:3      | Found a stormy altar of Qazlal.
  2159 | D:3      | Noticed a water moccasin
  2169 | D:3      | HP: 9/36 [water moccasin (4)]
  2170 | D:3      | Slain by a water moccasin

Levels and vault maps discovered:
D:1:      sevenhm_arrival_forest_fort_small_4, layout_basic,
          minmay_misc_feat_rugged
D:2:      layout_basic, serial_shops, nicolae_shop_pleasant_corner_grove,
          basic_altar
D:3:      kennysheep_six_static_rooms, layout_rooms,
          nicolae_qazlal_general_emergency, kennysheep_generic_room_4

Skill      XL: |  1  2  3 |
---------------+----------+-----
Ranged Weapons | 3 4 |  4.6
Fighting       | 2 |  2.0
Dodging        | |  2.1
Spellcasting   | |  1.0
Hexes          | |  2.0

Action                     |  1- 3 |  4- 6 || total
---------------------------+-------+-------++-------
   Fire: Sling             |   113 |    29 ||   142
    Use: Scroll            |     4 |       ||     4
         Potion            |     2 |       ||     2
 Armour: Robe              |     7 |       ||     7
         Leather armour    |     1 |     2 ||     3
  Dodge: Dodged            |    37 |     9 ||    46

Table legend:
 A = Non-vault XP
 B = Vault XP
 C = Vault XP percentage of total XP
 D = Non-vault monster count
 E = Vault monster count
 F = Vault count percentage of total count
                 A         B        C        D         E       F
            +---------+---------+-------+---------+---------+-------
      Total |     103 |       7 |   6.4 |      46 |       4 |   8.0
            +---------+---------+-------+---------+---------+-------
        D:1 |      37 |       0 |   0.0 |      23 |       0 |   0.0
        D:2 |      52 |       0 |   0.0 |      14 |       0 |   0.0
        D:3 |      14 |       7 |  33.3 |       9 |       4 |  30.8
            +---------+---------+-------+---------+---------+-------
